 Dungeon Crawl Stone Soup version 0.18-a0-1748-g7377c14 (webtiles) character file.

11 M4edhros the Grave Robber (level 2, -3/17 HPs)
             Began as an Octopode Necromancer on Apr 12, 2016.
             Slain by a giant gecko (4 damage)
             ... on level 1 of the Dungeon.
             The game lasted 00:02:05 (217 turns).

M4edhros the Grave Robber (Octopode Necromancer)     Turns: 217, Time: 00:02:06

Health: -3/17      AC:  1    Str:  7    XL:     2   Next: 25%
Magic:  0/5        EV: 12    Int: 17    God:
Gold:   38         SH:  0    Dex: 12    Spells: 1 memorised, 4 levels left

rFire  . . .     SeeInvis .       - Unarmed
rCold  . . .     Gourm    .     (no shield)
rNeg   . . .     Faith    .     (helmet restricted)
rPois  .         Spirit   .     (no amulet)
rElec  .         Dismiss  .     (no ring)
rCorr  .         Reflect  .     (no ring)
SustAt .         Harm     .     (no ring)
MR     .....                    (no ring)
Stlth  ++++......               (no ring)
                                (no ring)
                                (no ring)
                                (no ring)

@: not resistant to hostile enchantments, stealthy
A: almost no armour, amphibious, 8 rings, constrict 8, camouflage 1, gelatinous
body 1
a: no special abilities


You were on level 1 of the Dungeon.
You were not hungry.

You visited 1 branch of the dungeon, and saw 2 of its levels.

You collected 38 gold pieces.

Inventory:

Scrolls
 c - a scroll of teleportation {unknown}
Books
 a - a book of Necromancy

   Spells                             Type                      Level
   a - Pain                           Necromancy                   1
   b - Animate Skeleton               Necromancy                   1
   c - Vampiric Draining              Necromancy                   3
   d - Regeneration                   Charms/Necromancy            3
   e - Animate Dead                   Necromancy                   4
   f - Control Undead                 Necromancy                   4
Comestibles
 b - 2 bread rations
 d - 3 chunks of flesh


   Skills:
 - Level 2.0 Dodging
 - Level 2.6 Stealth
 + Level 1.8 Unarmed Combat
 - Level 2.0 Spellcasting
 - Level 4.0 Necromancy


You had 4 spell levels left.
You knew the following spells:

 Your Spells              Type           Power        Failure   Level  Hunger
a - Pain                  Necr           ###.         3%          1    #......


Dungeon Overview and Level Annotations

Branches:
Dungeon (2/15)

Altars:


Innate Abilities, Weirdness & Mutations

You cannot wear most types of armour.
You are amphibious.
You can wear up to eight rings at the same time.
You can use your tentacles to constrict eight enemies at once.
Your skin changes colour to match your surroundings (Stealth).
Your rubbery body absorbs attacks (AC +1).


Message History

Confirm with . or Enter, or press ? or * to list all spells.
Aiming: Pain
Press: ? - help, Shift-Dir - straight line, f/p - giant gecko
Aim: a giant gecko (water, severely wounded, clinging, chance to defeat MR: 92%)
The giant gecko convulses in agony!
The giant gecko barely misses you.
You miss the giant gecko. Your grab misses the giant gecko.
The giant gecko is almost dead.
The giant gecko barely misses you.
You miss the giant gecko. Your grab misses the giant gecko.
The giant gecko is almost dead.
The giant gecko bites you.
* * * LOW HITPOINT WARNING * * *
Casting: Pain
Confirm with . or Enter, or press ? or * to list all spells.
Aiming: Pain
Press: ? - help, Shift-Dir - straight line, f/p - giant gecko
Aim: a giant gecko (water, almost dead, clinging, chance to defeat MR: 92%)
The giant gecko barely resists.
The giant gecko barely misses you. The giant gecko bites you.
You die...

#......######...
#..............
#.....#≈##....
#...###≈≈#≈#..
#...#≈≈≈≈≈≈#
#..#≈≈#≈≈#≈##
#..#≈≈≈≈≈≈≈≈#.#
#..#≈≈#≈≈l#≈≈.#
##≈≈≈@≈≈##.#
...≈≈≈≈#≈≈# .#
...###≈ ##≈..#
... ## ..?# .
...# ###


You could see a giant gecko.

Vanquished Creatures
  A giant cockroach (D:1)
  2 goblins (D:1)
  3 hobgoblins (D:1)
  2 kobolds (D:1)
  A rat (D:1)
9 creatures vanquished.

Notes
Turn   | Place    | Note
--------------------------------------------------------------
     0 | D:1      | M4edhros the Octopode Necromancer began the quest for the Orb.
     0 | D:1      | Reached XP level 1. HP: 11/11 MP: 3/3
    27 | D:1      | Reached skill level 1 in Unarmed Combat
   141 | D:1      | Reached XP level 2. HP: 14/17 MP: 1/5
   217 | D:1      | Slain by a giant gecko

Vault maps used:
D:1:      arrival_zaba_pyramid, minivault_4, serial_bayou_lake_a
D:2:      ashenzari_altar_1, first_bread, nicolae_gozag_zags_fifth_avenue

Skill      XL: |  1 |
---------------+----+-----
Unarmed Combat | 1 |  1.8
Dodging        | |  2.0
Stealth        | |  2.6
Spellcasting   | |  2.0
Necromancy     | |  4.0

Action                   || total
-------------------------++-------
Melee: Unarmed           ||     5
       Constrict         ||     2
       Tentacles         ||     1
 Cast: Pain              ||    15
Dodge: Dodged            ||     5
